 Dungeon Crawl Stone Soup version 0.29-a0-214-g17f627cfee (webtiles) character file.

Game seed: 870263472545401361

12 spaghetti the Grave Robber (level 2, 11/19 HPs)
             Began as a Demonspawn Necromancer on Feb 24, 2022.
             Was a Follower of Trog.
             Quit the game on level 1 of the Dungeon.
             The game lasted 00:01:03 (575 turns).

spaghetti the Grave Robber (Demonspawn Necromancer)  Turns: 575, Time: 00:01:04

Health: 11/19      AC:  2    Str:  8    XL:     2   Next: 20%
Magic:  14/14      EV: 12    Int: 16    God:    Trog [*.....]
Gold:   49         SH:  0    Dex: 13    Spells: 4/5 levels left

rFire   . . .      SeeInvis .   f - +0 long sword {long}
rCold   . . .      Faith    .   (no shield)
rNeg    . . .      Spirit   .   a - +0 robe
rPois   .          Reflect  .   (helmet restricted)
rElec   .          Harm     .   (no cloak)
rCorr   .          Rampage  .   (no gloves)
Will    .....                   (no boots)
Stlth   ++........              (no amulet)
HPRegen 0.06/turn               c - ring of magical power
MPRegen 0.14/turn               (no ring)

@: no status effects
A: antennae 1
a: Renounce Religion, Berserk


You were on level 1 of the Dungeon.
You worshipped Trog.
Trog was aware of your devotion.
You visited 1 branch of the dungeon, and saw 1 of its levels.

You collected 49 gold pieces.


Innate Abilities, Weirdness & Mutations

You have a pair of small antennae on your head.


   Skills:
 - Level 1.7 Dodging
 - Level 1.7 Stealth
 - Level 2.0 Spellcasting
 - Level 5.0 Necromancy


You had 4 spell levels left.
You knew the following spells:

 Your Spells              Type           Power      Damage    Failure   Level
a - Pain                  Necr           68%        1d7       2%          1

Your spell library contained the following spells:

 Spells                   Type           Power      Damage    Failure   Level
 Animate Skeleton         Necr           34%        N/A       2%          1
 Vampiric Draining        Necr           17%        2d7       8%          3
 Animate Dead             Necr           8%         N/A       26%         4
 Agony                    Necr           17%        N/A       58%         5

Inventory:

Hand Weapons
 f - a +0 long sword (weapon) {long}
   (You found it on level 1 of the Dungeon)
Missiles
 d - 23 stones {throwing}
Armour
 a - a +0 robe (worn)
Jewellery
 c - a ring of magical power (left hand)
   (You found it on level 1 of the Dungeon)
Scrolls
 e - a scroll of acquirement {unknown}
Potions
 b - a potion of flight {unknown}

Dungeon Overview and Level Annotations

Branches:
Dungeon (1/15)

Altars:
Trog

#+# ##### # .##.#
#8..#.# #.##.#
#^#.#^# #
#.##.###.....# #.
#.#........# #.
#.#........###.#
#.####.#........@...#
#......#........#####
#..##..#........#
#......#....#..$..#
#..###.##'###.#.#^#
#..........##8^.#.#
###.##.....###### # #
#.##.....# #
#..#.....#


There were no monsters in sight!


Message History

Casting: Pain (safe; 2% risk of failure)
Confirm with . or Enter, or press ? or * to list all spells.
You can't see any susceptible monsters within range! (Use Z to cast anyway.)
Casting: Pain (safe; 2% risk of failure)
Confirm with . or Enter, or press ? or * to list all spells.
You can't see any susceptible monsters within range! (Use Z to cast anyway.)
You see here a rat corpse. 😕 MP[+1]
f - a +0 long sword {long}
f - a +0 long sword (weapon)
{long} You now have 6 gold pieces (gained 3).
You now have 20 gold pieces (gained 14).
You now have 31 gold pieces (gained 11).
You now have 36 gold pieces (gained 5).
You now have 40 gold pieces (gained 4).
You open the door.
A dart slug comes into view. 😎 HP[+2] MP[+1]
Your hp is fully restored (19).
Your mp is fully restored (14).
A dart slug is nearby!
A dart slug is nearby!
Casting: Pain (safe; 2% risk of failure)
Confirm with . or Enter, or press ? or * to list all spells.
Okay, then.
Found a faded altar of an unknown god.
The dart slug launches a dart at you. The slug dart hits you.
There is an open door here. 😕 HP[-2]
You take 2 damage, and now have 17/19 hp.
Casting: Pain (safe; 2% risk of failure)
Confirm with . or Enter, or press ? or * to list all spells.
Aiming: Pain (safe; 2% risk of failure)
Press: ? - help, Shift-Dir - straight line, f - dart slug
Aim: a dart slug (chance to affect: 87%)
The dart slug writhes in agony. 😕 HP[-1] MP[-1]
You take 1 damage, and now have 16/19 hp.
You lost 1 mp, and now have 13/14 mp.
Casting: Pain (safe; 2% risk of failure)
Confirm with . or Enter, or press ? or * to list all spells.
Aiming: Pain (safe; 2% risk of failure)
Press: ? - help, Shift-Dir - straight line, f/p - dart slug
Aim: a dart slug (moderately wounded, chance to affect: 87%)
The dart slug writhes in agony. 😕 HP[-1] MP[-1]
You take 1 damage, and now have 15/19 hp.
You lost 1 mp, and now have 12/14 mp.
Casting: Pain (safe; 2% risk of failure)
Confirm with . or Enter, or press ? or * to list all spells.
Aiming: Pain (safe; 2% risk of failure)
Press: ? - help, Shift-Dir - straight line, f/p - dart slug
Aim: a dart slug (heavily wounded, chance to affect: 87%)
The dart slug writhes in agony.
The dart slug launches a dart at you. The slug dart hits you. 😮 HP[-4] MP[-1]
You take 4 damage, and now have 11/19 hp.
MASSIVE DAMAGE!! (PAUSE)
You lost 1 mp, and now have 11/14 mp.
Casting: Pain (safe; 2% risk of failure)
Confirm with . or Enter, or press ? or * to list all spells.
Aiming: Pain (safe; 2% risk of failure)
Press: ? - help, Shift-Dir - straight line, f/p - dart slug
Aim: a dart slug (almost dead, chance to affect: 87%)
The dart slug barely resists. 😮 HP[-1] MP[-1]
You take 1 damage, and now have 10/19 hp.
You lost 1 mp, and now have 10/14 mp.
Casting: Pain (safe; 2% risk of failure)
Confirm with . or Enter, or press ? or * to list all spells.
Aiming: Pain (safe; 2% risk of failure)
Press: ? - help, Shift-Dir - straight line, f/p - dart slug
Aim: a dart slug (almost dead, chance to affect: 87%)
The dart slug writhes in agony.
You kill the dart slug!
Your Necromancy skill increases to level 5! 😨 HP[-1] MP[-1]
You take 1 damage, and now have 9/19 hp.
You lost 1 mp, and now have 9/14 mp. 😨 MP[+1]
You now have 49 gold pieces (gained 9).
You start resting. 😮 HP[+2] MP[+4]
You regained 2 hp, and now have 11/19 hp.
Your mp is fully restored (14).
There is a faded altar of an unknown god here.
You cannot tell which god this altar belongs to.
Convert to them anyway?
Trog accepts your prayer! Trog welcomes you!
You can now go berserk at will.
Unknown command.
Press < or > to pray at altars.
Unknown command.
Press < or > to pray at altars.
Unknown command.
Press < or > to pray at altars.
Unknown command.
Press < or > to pray at altars.
Are you sure you want to abandon this character and quit the game? (Confirm with "yes".)

Skill      XL: |  1  2 |
---------------+-------+-----
Necromancy     | 5 |  5.0
Dodging        | |  1.7
Stealth        | |  1.7
Spellcasting   | |  2.0

Action                   || total
-------------------------++-------
Melee: Unarmed           ||     5
 Cast: Pain              ||    18
Armor: Robe              ||     2
Dodge: Dodged            ||     2

Levels and vault maps discovered:
D:1:      dpeg_arrival_more_subterranean_lakeside_camping, layout_basic,
          shapermc_ecumenical_altar_mp_highgroup

Notes
Turn   | Place    | Note
-------+----------+-------------------------------------------
     0 | D:1      | spaghetti the Demonspawn Necromancer began the quest for
                  | the Orb.
     0 | D:1      | Reached XP level 1. HP: 13/13 MP: 3/3
     0 | D:1      | magus.rc [v1.9.6]
   417 | D:1      | Gained mutation: You have a pair of small antennae on your
                  | head. [demonic ancestry]
   417 | D:1      | Reached XP level 2. HP: 18/19 MP: 5/5
   529 | D:1      | Found a faded altar of an unknown god.
   536 | D:1      | Reached skill level 5 in Necromancy
   574 | D:1      | Prayed at the altar of an unknown god.
   574 | D:1      | Became a worshipper of Trog the Wrathful
   574 | D:1      | Reached * piety under Trog
   575 | D:1      | Quit the game

Vanquished Creatures
  A dart slug (D:1)
  An endoplasm (D:1)
  2 giant cockroaches (D:1)
  A goblin (D:1)
  A hobgoblin (D:1)
  A quokka (D:1)
  2 rats (D:1)
9 creatures vanquished.

Table legend:
 A = Non-vault XP
 B = Vault XP
 C = Vault XP percentage of total XP
 D = Non-vault monster count
 E = Vault monster count
 F = Vault count percentage of total count
                 A         B        C        D         E       F
            +---------+---------+-------+---------+---------+-------
      Total |      18 |       0 |   0.0 |       9 |       0 |   0.0
            +---------+---------+-------+---------+---------+-------
        D:1 |      18 |       0 |   0.0 |       9 |       0 |   0.0
            +---------+---------+-------+---------+---------+-------

Illustrated notes

Table legend:
 A = Kills in this place as a percentage of kills in entire the game.
 B = Kills by you in this place as a percentage of kills by you in the entire game.
 C = Kills by friends in this place as a percentage of kills by friends in the entire game.
 D = Other kills in this place as a percentage of other kills in the entire game.
 E = Experience gained in this place as a percentage of experience gained in the entire game.
 F = Experience gained in this place divided by the number of levels of this place that you have seen.
                   A       B       C       D       E      F
               +-------+-------+-------+-------+-------+----------------------
         Total | 100.0 | 100.0 |   N/A |   N/A | 100.0 |  18.0
       Dungeon | 100.0 | 100.0 |   N/A |   N/A | 100.0 |  18.0
               +-------+-------+-------+-------+-------+----------------------

Table legend: (Time is in decaauts)
 A = Elapsed time spent in this place.
 B = Non-inter-level travel time spent in this place.
 C = Inter-level travel time spent in this place.
 D = Time resting spent in this place.
 E = Time spent auto-exploring this place.
 F = Levels seen in this place.
 G = Mean time per level.
                   A        B        C        D        E       F      G
               +--------+--------+--------+--------+--------+-----+--------+
         Total |    574 |    574 |      0 |    114 |    386 |   1 |  574.0 |
       Dungeon |    574 |    574 |      0 |    114 |    386 |   1 |  574.0 |
               +--------+--------+--------+--------+--------+-----+--------+

Top non-repeatable levels by time:
     D:1: 574 daAuts
